 Dungeon Crawl Stone Soup version 0.30.0-29-ga12c61a403 (webtiles) character file.

Game seed: 15616044498340122055

58 hawla the Firebug (level 3, -1/19 HPs)
             Began as a Deep Elf Fire Elementalist on June 12, 2023.
             Slain by a goblin
             ... wielding a +0 dagger
             ... led by Robin
              (2 damage)
             ... on level 2 of the Dungeon.
             The game lasted 00:05:01 (1485 turns).

hawla the Firebug (Deep Elf Fire Elementalist)      Turns: 1485, Time: 00:05:02

Health: -1/19      AC:  2    Str:  5    XL:     3   Next: 76%
Magic:  6/10       EV: 12    Int: 21    God:
Gold:   62         SH:  0    Dex: 15    Spells: 7/10 levels left

rFire   . . .        i - +2 short sword (vamp)
rCold   + . .        (no shield)
rNeg    . . .        a - +0 robe
rPois   .            (no helmet)
rElec   .            (no cloak)
rCorr   .            (no gloves)
SInv    .            (no boots)
Will    .....        (no amulet)
Stlth   ++           c - ring of protection from cold
HPRegen 0.23/turn    (no ring)
MPRegen 0.12/turn

%: no passive effects
@: no status effects
A: no striking features
a: no special abilities


You were on level 2 of the Dungeon.
You visited 1 branch of the dungeon, and saw 2 of its levels.

You collected 62 gold pieces.

Inventory:

Hand Weapons
 i - a +2 vampiric short sword (weapon)
Armour
 a - a +0 robe (worn)
Jewellery
 c - a ring of protection from cold (left hand)
 n - a ring of positive energy
Scrolls
 d - a scroll of vulnerability {unknown}
 j - a scroll of silence {unknown}
 m - a scroll of identify
Potions
 b - a potion of magic
 f - a potion of curing
 g - a potion of might
 h - 3 potions of attraction {unknown}
 k - 2 potions of heal wounds {unknown}
 l - 2 potions of brilliance {unknown}


   Skills:
 + Level 2.5 Dodging
 - Level 2.4 Stealth
 + Level 4.0 Spellcasting
 + Level 1.7 Conjurations
 + Level 4.4 Fire Magic


You had 7 spell levels left.
You knew the following spells:

 Your Spells              Type           Power      Damage    Failure   Level
a - Foxfire               Conj/Fire      68%        2x1d7     3%          1
b - Scorch                Fire           44%        2d6       3%          2

Your spell library contained the following spells:

 Spells                   Type           Power      Damage    Failure   Level
 Inner Flame              Hex/Fire       13%        N/A       14%         3
 Volatile Blastmotes      Fire/Tloc      26%        2d12      14%         3
 Flame Wave               Conj/Fire      17%        2d7       32%         4


Dungeon Overview and Level Annotations

Branches:
Dungeon (2/15)

Altars:
Gozag

Shops:
D:1 :[*((

Annotations:
D:2 Robin


Message History

A quokka comes into view.
The goblin barely misses you.
A rat comes into view.
Magic courses through your body. The goblin hits you with a +0 dagger.
The goblin hits you but does no damage. The goblin misses you.
Robin throws the goblin at you!
Unknown command.
As you read the scroll labelled MAPACKOTH, it crumbles to dust.
The scroll dissolves into smoke.
It was a scroll of fog.
The goblin closely misses you. The goblin misses you.
The goblin hits you but does no damage. The goblin barely misses you.
It was a potion of curing.
You feel better. The goblin misses you.
The goblin barely misses you. x2; The goblin hits you but does no damage.
Robin closely misses you.
Casting: Foxfire (safe; 3% risk of failure)
Confirm with . or Enter, or press ? or * to list all spells.
Flames lash the goblin.
You kill the goblin!
The goblin hits you with a +0 club.
The goblin hits you with a +0 dagger. x2
Unknown command.
Casting: Scorch (safe; 3% risk of failure)
Confirm with . or Enter, or press ? or * to list all spells.
You conjure some foxfire!
The goblin hits you but does no damage. Robin barely misses you.
The goblin hits you with a +0 dagger.
* * * LOW HITPOINT WARNING * * *
The goblin barely misses you.
Casting: Foxfire (safe; 3% risk of failure)
Confirm with . or Enter, or press ? or * to list all spells.
Flames lash the goblin.
You kill the goblin!
The foxfire hits Robin.
Robin is moderately wounded.
The goblin closely misses you. x2
The goblin hits you with a +0 club.
* * * LOW HITPOINT WARNING * * *
Things that are here:
a +0 dagger; a +0 sling; a scroll labelled FEFYGO GOULOGY The goblin attacks as you move away!
The goblin hits you but does no damage. The goblin attacks as you move away!
The goblin hits you with a +0 dagger.
You die...

#### #..# #..## .
#...# .# ##..# .#
#..######## .#
#........§## ..
##.#####.#v##g#.##
#.# #.###gg§§..#
#.# #.§§@gr§#..r.
#.# #.#####§... .
#.# #. .#..# #.#
.. # ... #.# .. ##


You could see Robin, 2 goblins and a rat.

Vanquished Creatures
  An adder (D:2)
  2 endoplasms
  10 goblins
  2 hobgoblins (D:1)
  4 jackals (D:1)
  6 quokkas
  3 ball pythons (D:1)
  A bat (D:1)
  4 frilled lizards
  7 kobolds
  4 rats
44 creatures vanquished.

Vanquished Creatures (others)
  95 foxfires
95 creatures vanquished.

Grand Total: 139 creatures vanquished

Notes
Turn   | Place    | Note
-------+----------+-------------------------------------------
     0 | D:1      | hawla the Deep Elf Fire Elementalist began the quest for
                  | the Orb.
     0 | D:1      | Reached XP level 1. HP: 10/10 MP: 6/6
   306 | D:1      | Reached XP level 2. HP: 15/15 MP: 2/8
   311 | D:1      | Learned a level 2 spell: Scorch
   387 | D:1      | Noticed a +0 executioner's axe
   389 | D:1      | Found Gisk's Weapon Shop.
   391 | D:1      | Noticed a +0 quick blade
   505 | D:1      | Found Wiurhuom's Antique Armour Shoppe.
   609 | D:1      | Found Qaar's Book Shop.
   655 | D:1      | Found Foepos's General Store.
   713 | D:1      | Found Xegob's Antique Weapon Shop.
   889 | D:1      | Reached XP level 3. HP: 19/19 MP: 2/10
  1116 | D:1      | Found a faded altar of an unknown god.
  1369 | D:2      | Found an opulent altar of Gozag.
  1474 | D:2      | Noticed Robin
  1485 | D:2      | Slain by a goblin

Illustrated notes

Levels and vault maps discovered:
D:1:      co_arrival_random_square_maze, layout_loops_ring,
          ebering_ecumenical_altar_ruins, serial_shops, nicolae_square_shop,
          shop, nicolae_shop_mannequins, nicolae_shop_tiny_glass,
          nicolae_shop_trees
D:2:      layout_loops_ring, basic_altar, roderic_lattice_a,
          minmay_misc_feat_plants, uniq_robin

Skill      XL: |  1  2  3 |
---------------+----------+-----
Fire Magic     | 4 |  4.4
Spellcasting   | 4 |  4.0
Dodging        | |  2.5
Stealth        | |  2.4
Conjurations   | |  1.7

Action                     || total
---------------------------++-------
  Melee: Unarmed           ||     8
         Short sword       ||     3
   Cast: Foxfire           ||    59
         Scorch            ||     8
    Use: Scroll            ||     2
         Potion            ||     2
 Armour: Robe              ||     7
  Dodge: Dodged            ||    25
